 Dungeon Crawl Stone Soup version 0.31.0-11-ge490571c62 (webtiles) character file.

Game seed: 6489459572759828096

397 thirtiethelement the Shooter (level 6, -10/46 HPs)
             Began as a Demonspawn Hunter on Jan 29, 2024.
             Mangled by an ogre
             ... wielding a +0 giant spiked club
              (24 damage)
             ... on level 4 of the Dungeon.
             The game lasted 00:04:56 (2697 turns).

thirtiethelement the Shooter (Demonspawn Hunter)    Turns: 2697, Time: 00:04:57

Health: -10/46     AC:  4    Str: 12    XL:     6   Next: 53%
Magic:  6/6        EV: 12    Int:  9    God:
Gold:   37         SH:  0    Dex: 18    Spells: 5/5 levels left

rFire   . . .        s - +2 dagger (chaos)
rCold   + . .        (no shield)
rNeg    . . .        c - +0 leather armour {rPois}
rPois   +            w - +0 helmet
rElec   .            (no cloak)
rCorr   .            (no gloves)
SInv    +            (no boots)
Will    .....        k - amulet of magic regeneration
Stlth   ++           f - ring of protection from cold
HPRegen 0.27/turn    n - ring of see invisible
MPRegen 0.60/turn

%: no passive effects
@: no status effects
A: spiny 2, magic regeneration
a: no special abilities


You were on level 4 of the Dungeon.
You visited 1 branch of the dungeon, and saw 4 of its levels.

You collected 109 gold pieces.
You spent 72 gold pieces at shops.

Inventory:

Hand Weapons
 a - a +0 shortbow
 g - a +0 dagger of speed
 i - a +0 long sword
 s - a +2 dagger of chaos (weapon)
Armour
 c - a +0 leather armour of poison resistance (worn)
 w - a +0 helmet (worn)
 y - a +1 leather armour of fire resistance
Jewellery
 f - a ring of protection from cold (left hand)
 k - an amulet of magic regeneration (around neck)
 n - a ring of see invisible (right hand)
Wands
 x - a wand of charming (10)
Scrolls
 b - 2 scrolls of butterflies
 d - a scroll of silence {unknown}
 j - 5 scrolls of identify {unknown}
 l - 3 scrolls of fog {unknown}
 m - a scroll of revelation {unknown}
 r - 2 scrolls of vulnerability {unknown}
 t - a scroll of teleportation {unknown}
 u - a scroll of poison {unknown}
 v - a scroll of immolation {unknown}
Potions
 e - 3 potions of attraction {unknown}
 h - 2 potions of enlightenment {unknown}
 o - a potion of curing {unknown}
 p - a potion of might {unknown}
 q - a potion of lignification {unknown}
 z - 2 potions of magic {unknown}


   Skills:
 + Level 2.7 Fighting
 + Level 2.7 Short Blades
 + Level 4.3 Ranged Weapons
 + Level 2.5 Armour
 + Level 2.7 Dodging
 + Level 2.9 Stealth


You had 5 spell levels left.
You didn't know any spells.
Your spell library contained the following spells:

 Spells                   Type           Power      Damage    Failure   Level
 Frozen Ramparts          Ice            0%         1d1       83%         3
 Leda's Liquefaction      Alch/Erth      0%         N/A       99%         4
 Petrify                  Alch/Erth      0%         N/A       99%         4
 Metabolic Englaciation   Hex/Ice        0%         N/A       100%        5


Dungeon Overview and Level Annotations

Branches:
Dungeon (4/15)
 Temple: D:4-7

Altars:
Dithmenos
Trog
Xom

Shops:
D:1 [:=   D:3 [


Innate Abilities, Weirdness & Mutations

You are mostly covered in sharp spines.
You regenerate magic rapidly.


Message History

No target in view!
You open the door.
Found a spear.
Found a stone staircase leading up.
No target in view!
Found a stone staircase leading down.
There is an open door here.
z - 2 red potions You see here a +0 spear.
r - 2 scrolls labelled TAQ LIGUMIUJA (gained 1)
j - 5 scrolls labelled GAKEZA HOCZEXU (gained 1)
An ogre comes into view. It is wielding a +0 giant spiked club.
The ogre shouts!
The ogre moves out of view.
An ogre is nearby!
Found a bloodstained altar of Trog.
The ogre hits you with a +0 giant spiked club!!
Ouch! That really hurt!
* * * LOW HITPOINT WARNING * * *
You are too injured to fight recklessly!
You are too injured to fight recklessly!
You are too injured to fight recklessly!
You are too injured to fight recklessly!
You are too injured to fight recklessly!
You are too injured to fight recklessly!
You are too injured to fight recklessly!
You are too injured to fight recklessly!
You are too injured to fight recklessly!
You are too injured to fight recklessly!
You are too injured to fight recklessly!
You are too injured to fight recklessly!
You are too injured to fight recklessly!
You are too injured to fight recklessly!
You are too injured to fight recklessly!
You are too injured to fight recklessly!
You are too injured to fight recklessly!
You barely miss the ogre. You barely miss the ogre.
The ogre hits you with a +0 giant spiked club!!
Ouch! That really hurt!
You die...

......# # #.# ...... ...
......# #. ##.#.# ###
...[..# ..# ......# #.# #
......# ... '######
#.########### ..#
######............ ..###
###....#.###........ ....#
#.O@##.#.##......... ..<.#
._......#...........>.....
....#
.....######.#####....<....
.(†.## ....
#...............
.....##...
########........ ......###
#.........).... .......#
#.............. .......#
#.............. ..)....#
#..............


You could see an ogre.

Vanquished Creatures
  4 crimson imps (D:3)
  2 hounds (D:4)
  Ijyb (D:4)
  An iguana (D:4)
  An orc wizard (D:3)
  Robin (D:4)
  2 adders (D:4)
  A ribbon worm (D:3)
  A dart slug (D:1)
  10 orcs
  2 ball pythons
  7 endoplasms
  6 giant cockroaches
  13 goblins
  3 hobgoblins
  6 jackals
  4 quokkas
  3 bats
  4 frilled lizards
  6 kobolds
  9 rats
87 creatures vanquished.

Notes
Turn   | Place    | Note
-------+----------+-------------------------------------------
     0 | D:1      | thirtiethelement the Demonspawn Hunter began the quest for
                  | the Orb.
     0 | D:1      | Reached XP level 1. HP: 16/16 MP: 1/1
    25 | D:1      | Found Xotiseil's Jewellery Boutique.
   125 | D:1      | Found Taenkac's Book Shop.
   192 | D:1      | Reached skill level 4 in Ranged Weapons
   235 | D:1      | Gained mutation: You are partially covered in sharp spines.
                  | [demonic ancestry]
   235 | D:1      | Reached XP level 2. HP: 22/22 MP: 2/2
   345 | D:1      | Reached skill level 1 in Stealth
   463 | D:1      | Found Gus Dunk's Antique Armour Emporium.
   640 | D:1      | Found a faded altar of an unknown god.
   764 | D:2      | Found a shimmering altar of Xom.
   929 | D:2      | Gained mutation: You regenerate magic rapidly. [demonic
                  | ancestry]
   929 | D:2      | Reached XP level 3. HP: 27/27 MP: 3/3
  1546 | D:3      | Reached skill level 1 in Short Blades
  1546 | D:3      | Gained mutation: You are mostly covered in sharp spines.
                  | [demonic ancestry]
  1546 | D:3      | Reached XP level 4. HP: 19/33 MP: 4/4
  1629 | D:3      | Found a shimmering altar of Xom.
  1659 | D:3      | Reached skill level 1 in Armour
  1671 | D:3      | Reached XP level 5. HP: 13/38 MP: 5/5
  1916 | D:3      | Found a shadowy altar of Dithmenos.
  2045 | D:3      | Found Faubea's Armour Shoppe.
  2049 | D:3      | Bought a +0 leather armour of poison resistance for 72 gold
                  | pieces
  2138 | D:4      | Reached XP level 6. HP: 30/46 MP: 6/6
  2420 | D:4      | Noticed Robin
  2431 | D:4      | Killed Robin
  2512 | D:4      | Noticed Ijyb
  2528 | D:4      | Killed Ijyb
  2692 | D:4      | Found a bloodstained altar of Trog.
  2697 | D:4      | Mangled by an ogre

Illustrated notes

Levels and vault maps discovered:
D:1:      amcnicky_arrival_blooded_trapdoor, layout_loops_ring, serial_shops,
          shop, shop, nicolae_shop_rolling_square,
          shapermc_ecumenical_altar_acropolis, minmay_liquid_box
D:2:      layout_basic, serial_forest, infiniplex_forest_straight_3,
          infiniplex_forest_clump_long, infiniplex_forest_lined_4_way,
          infiniplex_forest_clump_small, infiniplex_forest_straight_1,
          infiniplex_forest_straight_5, infiniplex_forest_end_2,
          infiniplex_forest_end_2, infiniplex_forest_end_2, basic_altar
D:3:      layout_rooms, grunt_dithmenos_smoke_and_mirrors, led_xom_imps,
          serial_shops, nicolae_shop_stone
D:4:      layout_basic, zin_statuary, lemuel_round_altar, uniq_menkaure,
          uniq_ijyb, uniq_robin

Skill      XL: |  1  2  3  4  5 |
---------------+----------------+-----
Ranged Weapons | 4 |  4.3
Stealth        | 1 2 |  2.9
Dodging        | 2 |  2.7
Short Blades   | 1 2 |  2.7
Armour         | 1 2 |  2.5
Fighting       | |  2.7

Action                     |  1- 3 |  4- 6 || total
---------------------------+-------+-------++-------
  Melee: Dagger            |   105 |   129 ||   234
   Fire: Shortbow          |    10 |       ||    10
   Stab: Sleeping          |    10 |     5 ||    15
         Paralysed         |       |     1 ||     1
         Confused          |       |     1 ||     1
 Armour: Leather armour    |    28 |    57 ||    85
  Dodge: Dodged            |    42 |    65 ||   107
